 Dungeon Crawl Stone Soup version 0.31-a0-986-g5e6e4ef867 (webtiles) character file.

Game seed: 6430392671221625602

204 Curundu the Cutter (level 5, -4/47 HPs)
             Began as a Draconian Berserker on Nov 21, 2023.
             Was a Believer of Trog.
             Killed by divine providence
             ... invoked by an orc priest
              (9 damage)
             ... on level 3 of the Dungeon.
             The game lasted 00:14:08 (2523 turns).

Curundu the Cutter (Draconian Berserker)            Turns: 2523, Time: 00:14:09

Health: -4/47      AC:  5    Str: 19    XL:     5   Next: 52%
Magic:  5/5        EV: 13    Int:  8    God:    Trog [**....]
Gold:   109        SH:  0    Dex: 12    Spells: 4/4 levels left

rFire   + . .        a - +0 short sword
rCold   + . .        (no shield)
rNeg    . . .        (body armour unavailable)
rPois   +            (helmet restricted)
rElec   +            (no cloak)
rCorr   +            (no gloves)
SInv    .            (no boots)
Will    .....        (no amulet)
Stlth   ++           f - +4 ring of slaying
HPRegen 0.27/turn    (no ring)
MPRegen 0.09/turn

%: no passive effects
@: brilliant, resistant
A: AC +5, unfitting armour, cold-blooded
a: Renounce Religion, Berserk, Trog's Hand


You were on level 3 of the Dungeon.
You worshipped Trog.
Trog was pleased with you.
You visited 1 branch of the dungeon, and saw 3 of its levels.

You collected 109 gold pieces.

Inventory:

Hand Weapons
 a - a +0 short sword (weapon)
Jewellery
 f - a +4 ring of slaying (left hand)
Scrolls
 b - 2 scrolls of fog {unknown}
 g - 2 scrolls of enchant armour {unknown}
 i - a scroll of brand weapon {unknown}
 j - a scroll of identify {unknown}
 k - a scroll of enchant weapon {unknown}
Potions
 d - 2 potions of brilliance
 h - a potion of attraction {unknown}
 l - a potion of enlightenment {unknown}
 m - a potion of mutation {unknown}


   Skills:
 + Level 4.3 Fighting
 + Level 4.5 Short Blades
 + Level 3.9 Dodging
 + Level 1.1 Stealth


You had 4 spell levels left.
You didn't know any spells.
Your spell library contained the following spells:

 Spells                   Type           Power      Damage    Failure   Level
 Sublimation of Blood     Necr           0%         N/A       54%         2
 Wereblood                Tmut           0%         N/A       54%         2
 Summon Hydra             Summ           0%         N/A       100%        7


Dungeon Overview and Level Annotations

Branches:
Dungeon (3/15)

Altars:


Innate Abilities, Weirdness & Mutations

Your plain brown scales are hard. (AC +5)
You cannot fit into any form of body armour.
You are cold-blooded and may be slowed by cold attacks.


Message History

You barely miss the rat. The rat barely misses you.
You hit the rat. You tail-slap the rat.
You kill the rat!
Trog accepts your kill.
You hit the adder.
Your tail-slap misses the adder.
The adder is heavily wounded.
The adder barely misses you.
You barely miss the adder.
The adder is heavily wounded.
The adder closely misses you.
You closely miss the adder.
The adder is heavily wounded.
The adder closely misses you.
You closely miss the adder.
The adder is heavily wounded.
The adder bites you but does no damage.
You barely miss the adder.
You tail-slap the adder, but do no damage.
The adder is heavily wounded.
The adder completely misses you.
You miss the adder. You tail-slap the adder.
You kill the adder!
Trog accepts your kill.
You barely miss the orc priest. You hit the orc priest.
The orc priest is lightly wounded.
The orc priest hits you with a +0 club.
* * * LOW HITPOINT WARNING * * *
You hit the orc priest.
The orc priest is moderately wounded.
You closely miss the orc priest.
The orc priest is moderately wounded.
The orc priest hits you but does no damage.
You completely miss the orc priest.
The orc priest is moderately wounded.
You hit the orc priest.
The orc priest is severely wounded.
The orc priest mumbles some strange prayers to Beogh against you.
Beogh smites you!
You die...

####
.....
.....
.?....
###......
#@o......
#o#......
#..#
..>..
...##
....
#.### ...
# .. #


You could see an orc priest and an orc.

Vanquished Creatures
  An orc priest (D:3)
  Jessica (D:2)
  An orc wizard (D:3)
  Terence (D:2)
  5 adders
  A dart slug (D:2)
  An orc (D:3)
  6 endoplasms
  2 giant cockroaches (D:2)
  3 goblins
  6 hobgoblins
  6 kobolds
  3 quokkas (D:1)
  7 ball pythons
  A bat (D:1)
  3 frilled lizards
  5 rats
53 creatures vanquished.

Notes
Turn   | Place    | Note
-------+----------+-------------------------------------------
     0 | D:1      | Curundu the Draconian Berserker began the quest for the
                  | Orb.
     0 | D:1      | Reached XP level 1. HP: 19/19 MP: 1/1
   150 | D:1      | Reached XP level 2. HP: 26/26 MP: 2/2
  1226 | D:1      | Reached ** piety under Trog
  1308 | D:2      | Reached XP level 3. HP: 31/31 MP: 3/3
  1667 | D:2      | Noticed Jessica
  1673 | D:2      | Killed Jessica
  1674 | D:2      | Reached XP level 4. HP: 34/40 MP: 4/4
  2174 | D:2      | Noticed Terence
  2199 | D:2      | Killed Terence
  2494 | D:3      | Reached XP level 5. HP: 19/46 MP: 5/5
  2506 | D:3      | HP: 2/46 [orc wizard/puff of flame (2)]
  2510 | D:3      | Reached skill level 1 in Stealth
  2523 | D:3      | Killed from afar by an orc priest

Illustrated notes

Levels and vault maps discovered:
D:1:      dpeg_arrival_rhombi, layout_basic, serial_bayou_crossing
D:2:      layout_loops_corners, uniq_jessica, uniq_terence
D:3:      layout_rooms, uniq_crazy_yiuf_cottage

Skill      XL: |  1  2  3  4  5 |
---------------+----------------+-----
Dodging        | 3 |  3.9
Short Blades   | 4 |  4.5
Fighting       | 4 |  4.3
Stealth        | 1 |  1.1

Action                     |  1- 3 |  4- 6 || total
---------------------------+-------+-------++-------
  Melee: Short sword       |   109 |    84 ||   193
         Tailslap          |    10 |     9 ||    19
         Punch             |     1 |     2 ||     3
    Use: Scroll            |     1 |       ||     1
         Potion            |       |     3 ||     3
   Stab: Sleeping          |       |     1 ||     1
 Armour: Skin              |    60 |    33 ||    93
  Dodge: Dodged            |    83 |    37 ||   120

Table legend: (Time is in decaauts)
 A = Elapsed time spent in this place.
 B = Non-inter-level travel time spent in this place.
 C = Inter-level travel time spent in this place.
 D = Time resting spent in this place.
 E = Time spent auto-exploring this place.
 F = Levels seen in this place.
 G = Mean time per level.
                   A        B        C        D        E       F      G
               +--------+--------+--------+--------+--------+-----+--------+
         Total |   2507 |   2507 |      0 |    264 |      0 |   3 |  835.7 |
       Dungeon |   2507 |   2507 |      0 |    264 |      0 |   3 |  835.7 |
               +--------+--------+--------+--------+--------+-----+--------+

Top non-repeatable levels by time:
     D:1: 1268 daAuts
     D:2: 1202 daAuts
     D:3: 35 daAuts
